AoeStats
← Shiboridashi

MegaRandom

503788372Analyzed
3v3 RM · 1mo ago on Sep 2, 2026· 56m 37s· 6 players
Game mode
Random Map
Map size
Normal (6 player)
Population
200
Speed
Normal
Resources
Standard
Victory
Conquest
Starting age
Dark Age
Ending age
Imperial Age
RankedLock teamsTeams togetherTeam positionsShared explorationLock speedFull tech treeHidden civsTurbo modeCheats
Victory
Defeat
🇨🇳 Maya · China
1320
+9
🇦🇺 Koreans · Australia
1256
+11
🇨🇳 Franks · China
1202
+14
🇫🇷 Persians · France
1178
-12
🇫🇷 Magyars · France
1164
-12
🇫🇷 Britons · France
1112
-18
Tuno
1:06 Loom
9:51 Feudal Age
17:04 Castle Age
15:57 Double-Bit Axe
17:55 Horse Collar
25:09 Fletching
26:21 Ballistics
27:09 Bodkin Arrow
28:39 Stone Mining
28:40 Gold Mining
29:48 Wheelbarrow
29:56 Stone Shaft Mining
29:28 Town Watch
31:07 Bow Saw
34:25 Imperial Age
33:38 Hand Cart
33:24 Town Patrol
34:18 Heavy Plow
35:11 Bracer
36:13 Chemistry
36:01 Gold Shaft Mining
37:35 Two-Man Saw
37:07 Conscription
38:37 Capped Ram
39:27 Heavy Rocket Cart
43:18 Murder Holes
43:04 Treadmill Crane
45:54 Siege Engineers
46:49 Shinkichon
48:27 Shinkichon
56:30 Fortified Wall
56:34 Arrowslits
见面问声好
10:10 Feudal Age
13:47 Castle Age
17:07 Husbandry
17:17 Scale Barding Armor
17:43 Double-Bit Axe
23:17 Wheelbarrow
25:46 Hand Cart
29:38 Bow Saw
46:44 Imperial Age
43:43 Pikeman
44:24 Squires
46:08 Loom
46:08 Town Watch
47:25 Chivalry
47:46 Conscription
46:59 Cavalier
49:08 Paladin
50:07 Gold Mining
50:08 Stone Mining
50:58 Forging
51:08 Chain Barding Armor
54:25 Iron Casting
54:26 Plate Barding Armor
55:50 Gold Shaft Mining
55:33 Caravan
56:56 Scale Mail Armor
赶鹿王12
6:45 Loom
10:08 Feudal Age
15:40 Castle Age
17:19 Wheelbarrow
16:17 Crossbowman
17:01 Double-Bit Axe
17:43 Fletching
20:08 Padded Archer Armor
21:30 Bodkin Arrow
25:00 Leather Archer Armor
26:19 Ballistics
30:45 Hand Cart
30:37 Thumb Ring
34:11 Imperial Age
34:23 Scale Mail Armor
34:34 Forging
34:46 Squires
34:21 Eagle Warrior
35:22 Pikeman
37:15 Chain Mail Armor
39:18 Conscription
38:58 Elite Eagle Warrior
39:26 Arson
40:28 Plate Mail Armor
40:33 Iron Casting
41:14 Holcans
41:25 Bow Saw
41:52 Gold Mining
42:45 Iron Casting
41:58 Horse Collar
42:31 Stone Mining
44:01 Halberdier
47:36 Blast Furnace
46:38 Bracer
49:10 Heavy Plow
50:32 Ring Archer Armor
55:07 Caravan
Shiboridashi
7:10 Loom
10:18 Feudal Age
10:41 Double-Bit Axe
16:05 Castle Age
15:07 Horse Collar
17:35 Bow Saw
19:35 Heavy Plow
21:15 Forging
24:57 Wheelbarrow
29:29 Imperial Age
27:24 Town Watch
28:24 Bloodlines
28:44 Scale Barding Armor
28:54 Fletching
30:24 Husbandry
30:58 Crop Rotation
33:01 Gold Mining
33:01 Stone Mining
35:51 Hand Cart
35:29 Cavalier
38:55 Two-Man Saw
39:00 Town Patrol
39:49 Gold Shaft Mining
39:50 Stone Shaft Mining
41:19 Iron Casting
41:05 Chain Barding Armor
41:32 Savar
45:36 Ballistics
46:16 Chemistry
46:31 Blast Furnace
46:07 Plate Barding Armor
47:55 Conscription
53:06 Caravan
Pandidub
6:52 Loom
12:45 Feudal Age
16:44 Castle Age
15:37 Double-Bit Axe
15:44 Fletching
16:51 Horse Collar
19:18 Bodkin Arrow
21:01 Crossbowman
27:57 Ballistics
36:28 Imperial Age
38:13 Imperial Age
38:20 Imperial Age
36:09 Padded Archer Armor
36:36 Bow Saw
39:10 Bracer
46:41 Capped Ram
alexisgrosset13110
8:56 Loom
11:42 Feudal Age
17:08 Castle Age
15:41 Fletching
15:52 Padded Archer Armor
17:17 Crossbowman
18:15 Bodkin Arrow
20:46 Pikeman
21:25 Double-Bit Axe
23:27 Thumb Ring
32:01 Horse Collar
37:06 Ballistics
38:13 Gold Mining
40:58 Leather Archer Armor
42:12 Corvinian Army
42:29 Heavy Plow
42:54 Bow Saw
44:33 Bloodlines
44:24 Husbandry
45:17 Wheelbarrow
48:57 Imperial Age
49:56 Recurve Bow
50:28 Bracer
52:06 Chemistry
53:33 Ring Archer Armor
55:19 Heavy Cavalry Archer
Connection lost

Rejoining the realm…

Still unreachable

The connection could not be restored.

Session expired

The server has moved on; the page needs a fresh start.